 Dungeon Crawl Stone Soup version 0.30.1-1-g62c8e00024 (webtiles) character file.

Game seed: 18297735341397136758

1059 Inchmeat the Fighter (level 8, -10/79 HPs)
             Began as an Armataur Gladiator on July 17, 2023.
             Was an Initiate of Makhleb.
             Mangled by a mummy (13 damage)
             ... in an ossuary.
             The game lasted 00:07:15 (3638 turns).

Inchmeat the Fighter (Armataur Gladiator)           Turns: 3638, Time: 00:07:15

Health: -10/79     AC:  8    Str: 16 (22) XL:     8   Next: 6%
Magic:  8/8        EV:  5    Int:  5 (9)  God:    Makhleb [......]
Gold:   145        SH:  0    Dex:  5 (11) Spells: 7/7 levels left

rFire   . . .        m - +0 flail
rCold   . . .        (no shield)
rNeg    . . .        D - +0 chain mail
rPois   .            c - +0 helmet
rElec   .            (no cloak)
rCorr   .            (no gloves)
SInv    .            (no barding)
Will    ++...        (no amulet) Stlth
                     v - ring of willpower
HPRegen 0.33/turn    (no ring)
MPRegen 0.11/turn

%: roll
@: unable to read
A: large, rugged brown scales 3, deformed body, armoured tail, roll, long
tongue, awkward tongue, strong-willed 1, mutation resistance 1, inability to
read after injury 1
a: Renounce Religion


You were in an ossuary.
You worshipped Makhleb.
Makhleb was noncommittal.
You visited 2 branches of the dungeon, and saw 6 of its levels.
You also visited: Ossuary.

You collected 145 gold pieces.

Inventory:

Hand Weapons
 a - a +0 quarterstaff
 m - a +0 flail (weapon)
 w - a +2 dagger of protection
Missiles
 d - 2 throwing nets (quivered)
 e - a javelin
 h - 2 curare-tipped darts
Armour
 b - a +0 leather armour
 c - a +0 helmet (worn)
 D - a +0 chain mail (worn)
Jewellery
 v - a ring of willpower (left hand)
Wands
 t - a wand of light (9)
 y - a wand of charming (19)
 C - a wand of mindburst (4)
Scrolls
 f - a scroll of magic mapping {unknown}
 g - a scroll of noise {unknown}
 j - a scroll of blinking {unknown}
 l - a scroll of teleportation {unknown}
 n - 2 scrolls of enchant armour {unknown}
 p - a scroll of enchant weapon {unknown}
 s - a scroll of fog {unknown}
 x - a scroll of poison {unknown}
 A - a scroll of vulnerability {unknown}
Potions
 i - a potion of invisibility
 k - a potion of attraction
 o - a potion of might
 q - a potion of flight
 r - a potion of resistance
 u - a potion of lignification
 B - a potion of cancellation {unknown}


   Skills:
 - Level 8.0 Fighting
 + Level 3.5(4.0) Maces & Flails
 - Level 2.6(3.5) Staves
 - Level 1.7 Throwing
 - Level 2.1 Dodging


You had 7 spell levels left.
You didn't know any spells.
Your spell library contained the following spells:

 Spells                   Type           Power      Damage    Failure   Level
 Beastly Appendage        Tmut           0%         N/A       100%        1
 Freeze                   Ice            0%         1d3       100%        1
 Wereblood                Tmut           0%         N/A       100%        2
 Frozen Ramparts          Ice            0%         1d1       100%        3
 Gell's Gravitas          Tloc           0%         N/A       100%        3
 Hailstorm                Conj/Ice       0%         3d3       100%        3
 Spider Form              Tmut/Pois      0%         N/A       100%        3
 Teleport Other           Tloc           0%         N/A       100%        3
 Dispersal                Tloc           0%         N/A       100%        6


Dungeon Overview and Level Annotations

Branches:
Dungeon (5/15)             Temple (1/1) D:4         Ossuary (1/1)

Altars:
Ashenzari
Cheibriados
Elyvilon
Hepliaklqana
Makhleb
Nemelex Xobeh
Okawaru
Qazlal
Ru
Sif Muna
Trog
Uskayaw
Vehumet
Wu Jian
Xom
Zin
The Shining One


Innate Abilities, Weirdness & Mutations

You are completely covered in rugged brown scales. (AC +3, +7% HP)
Armour fits poorly on your strangely shaped body.
You have a long armoured tail.
You roll when moving toward enemies. (Rampage)
Your long tongue fully drains potion bottles. (2x potion effects)
Your tongue gives you trouble enunciating. (1.5x scroll delay)
You are strong-willed. (Will+)
You are somewhat resistant to further mutation.
You occasionally lose the ability to read scrolls when taking damage.


Message History

The mummy closely misses you.
You sock the mummy!
You destroy the mummy!
Makhleb accepts your kill.
The bullfrog zombie hits you but does no damage.
You hit the bullfrog zombie. You tail-slap the bullfrog zombie.
The bullfrog zombie is lightly damaged.
The bullfrog zombie barely misses you.
You sock the bullfrog zombie!
The bullfrog zombie is heavily damaged.
The bullfrog zombie hits you. The bullfrog zombie barely misses you.
You sock the bullfrog zombie! You tail-slap the bullfrog zombie.
You punch the bullfrog zombie.
You destroy the bullfrog zombie!
Makhleb accepts your kill.
A mummy comes into view.
A mummy and a hornet zombie come into view.
A mummy comes into view.
There is an open door here.
You closely miss the mummy. You hit the mummy but do no damage.
You punch the mummy.
The mummy is lightly damaged.
The mummy hits you!
You sock the mummy!
You tail-slap the mummy, but do no damage.
The mummy is severely damaged.
The mummy hits you!
* * * LOW HITPOINT WARNING * * *
The mummy hits you!
You feel threatened and lose the ability to read scrolls!
* * * LOW HITPOINT WARNING * * *
A mummy comes into view.
Okay, then.
Okay, then.
It was a potion of degeneration.
There was something very wrong with that liquid.
You feel weakened.
You feel dopey.
You feel clumsy.
You slurp down every last drop of the potion of degeneration!
The mummy hits you!
You die...

##### #..∩#
#.∩.# #...#
##@##
+...MMZM.M..
#'#'#+#'#'#'
# #. # ##


You could see 4 mummies and a hornet zombie.

Vanquished Creatures
  The ghost of cheesebisquit the Ruffian, an amateur TrFi (D:4)
  Sigmund (D:2)
  A scorpion (D:4)
  A water moccasin zombie (Ossuary)
  3 bullfrog zombies (Ossuary)
  2 orc priests (D:5)
  Ijyb (D:5)
  2 sleepcaps
  Natasha (thrice) (D:2)
  4 mummies
  4 gnolls (D:4)
  6 adders
  A white imp (D:5)
  An ufetubus (D:5)
  A worm (D:2)
  3 dart slugs
  7 orcs
  7 endoplasms
  5 giant cockroaches
  4 hobgoblins
  A kobold (D:4)
  6 quokkas
  10 ball pythons
  A bat (D:3)
  4 frilled lizards
  5 goblins
  A kobold zombie (D:5)
  5 rats
91 creatures vanquished.

Vanquished Creatures (others)
  A kobold (D:4)
1 creature vanquished.

Grand Total: 92 creatures vanquished

Notes
Turn   | Place    | Note
-------+----------+-------------------------------------------
     0 | D:1      | Inchmeat the Armataur Gladiator began the quest for the
                  | Orb.
     0 | D:1      | Reached XP level 1. HP: 18/18 MP: 1/1
    33 | D:1      | Reached skill level 2 in Fighting
   111 | D:1      | Reached XP level 2. HP: 22/26 MP: 2/2
   144 | D:1      | Found a faded altar of an unknown god.
   570 | D:2      | Noticed Sigmund
   575 | D:2      | Reached skill level 3 in Fighting
   578 | D:2      | Killed Sigmund
   579 | D:2      | Reached skill level 5 in Fighting
   579 | D:2      | Reached XP level 3. HP: 20/38 MP: 3/3
   579 | D:2      | Reached XP level 4. HP: 23/44 MP: 4/4
   579 | D:2      | Reached XP level 5. HP: 27/51 MP: 5/5
   767 | D:2      | Noticed Natasha
   771 | D:2      | Killed Natasha
   882 | D:2      | Noticed Natasha
   889 | D:2      | Killed Natasha
  1092 | D:2      | Noticed Natasha
  1097 | D:2      | Killed Natasha
  1098 | D:2      | Reached XP level 6. HP: 34/60 MP: 6/6
  1533 | D:3      | Reached skill level 6 in Fighting
  1910 | D:4      | Found a bloodstained altar of Trog.
  2166 | D:4      | Found a runed translucent door.
  2166 | D:4      | Noticed cheesebisquit's ghost (amateur TrFi)
  2255 | D:4      | Found a white marble altar of Elyvilon.
  2396 | D:4      | Found a staircase to the Ecumenical Temple.
  2423 | Temple   | Entered the Ecumenical Temple
  2435 | Temple   | Became a worshipper of Makhleb the Destroyer
  2839 | D:4      | Found a snail-covered altar of Cheibriados.
  3050 | D:4      | Killed cheesebisquit's ghost
  3051 | D:4      | Reached skill level 7 in Fighting
  3051 | D:4      | Reached XP level 7. HP: 19/71 MP: 7/7
  3224 | D:4      | Gained mutation: You are strong-willed. (Will+) [potion of
                  | mutation]
  3224 | D:4      | Gained mutation: You occasionally lose the ability to read
                  | scrolls when taking damage. [potion of mutation]
  3224 | D:4      | Gained mutation: You are somewhat resistant to further
                  | mutation. [potion of mutation]
  3255 | D:5      | Entered Level 5 of the Dungeon
  3436 | D:5      | Reached skill level 8 in Fighting
  3439 | D:5      | Reached skill level 1 in Maces & Flails
  3526 | D:5      | Noticed Ijyb
  3548 | D:5      | Killed Ijyb
  3564 | D:5      | Found a sand-covered staircase.
  3572 | Ossuary  | Entered an ossuary
  3627 | Ossuary  | Reached XP level 8. HP: 36/79 MP: 8/8
  3637 | Ossuary  | HP: 2/79 [mummy (12)]
  3638 | Ossuary  | Mangled by a mummy

Illustrated notes

Levels and vault maps discovered:
D:1:      amcnicky_arrival_wind_blow, layout_rooms,
          dreamdust_ecumenical_altar_statues
D:2:      layout_basic, uniq_natasha, uniq_sigmund
D:3:      layout_basic
D:4:      layout_rooms, trog_three_pillars_becter, elyvilon_altar_4,
          lemuel_crystal_altar, minmay_temple_entry_poolview,
          ebering_ghost_reflecting_pool
D:5:      layout_cave_pods, fedhas_ov_isle_minmay, nicolae_ossuary_entry_giza,
          uniq_grinder, uniq_ijyb
Temple:   eino_narrow_crystal_temple
Ossuary:  ossuary_zaba_flooded

Skill      XL: |  1  2  3  4  5  6  7 |
---------------+----------------------+-----
Fighting       | 2 5 7 8 |  8.0
Maces & Flails | 3 |  3.5
Staves         | |  2.6
Throwing       | |  1.7
Dodging        | |  2.1

Action                     |  1- 3 |  4- 6 |  7- 9 || total
---------------------------+-------+-------+-------++-------
  Melee: Quarterstaff      |    54 |   142 |    20 ||   216
         Tailslap          |     5 |    18 |    17 ||    40
         Flail             |       |       |    89 ||    89
         Punch             |       |       |     4 ||     4
  Throw: Throwing net      |       |     1 |     1 ||     2
    Use: Scroll            |       |       |     7 ||     7
         Potion            |       |       |     2 ||     2
 Armour: Leather armour    |    14 |    45 |    23 ||    82
         Chain mail        |       |       |    13 ||    13
  Dodge: Dodged            |    24 |    62 |    49 ||   135
